 Dungeon Crawl Stone Soup version 0.25-a0-424-g80bd347ae0 (webtiles) character file.

Game seed: 7722501394649073912, levelgen mode: deterministic

14557 zorance the Basher (level 12, -1/127 HPs)
             Began as an Ogre Venom Mage on Jan 21, 2020.
             Was a Believer of Ashenzari.
             Slain by a troll (12 damage)
             ... on level 12 of the Dungeon.
             The game lasted 01:07:57 (20271 turns).

zorance the Basher (Ogre Venom Mage)               Turns: 20271, Time: 01:07:58

Health: -1/127     AC:  6    Str: 16    XL:     12   Next: 17%
Magic:  17/24      EV: 10    Int: 19    God:    Ashenzari [**....]
Gold:   951        SH:  0    Dex:  9    Spells: 6/27 levels left

rFire    + . .     SeeInvis +   y - +2 giant spiked club of the Blowfly {freeze, +Inv rF+ SInv} (curse)
rCold    . . .     Gourm    .   (shield currently unavailable)
rNeg     . . .     Faith    .   a - +0 robe
rPois    +         Spirit   .   (helmet restricted)
rElec    .         Reflect  .   p - +2 cloak
rCorr    .         Harm     .   (gloves unavailable)
MR       ++...                  (boots unavailable)
Stlth    +.........             (no amulet)
HPRegen  0.31/turn              h - ring of protection from magic
MPRegen  0.19/turn              r - ring of poison resistance (curse)

@: no status effects
A: large, unfitting armour, tough skin 1
a: Curse Item, Scrying, Renounce Religion, Evoke Invisibility


You were on level 12 of the Dungeon.
You worshipped Ashenzari.
Ashenzari was pleased with you.
You were not hungry.

You visited 1 branch of the dungeon, and saw 12 of its levels.
You also visited: Bailey.

You collected 951 gold pieces.

Inventory:

Hand Weapons
 y - the cursed +2 giant spiked club of the Blowfly (weapon) {freeze, +Inv rF+ SInv}
   (You found it on level 6 of the Dungeon)

   It has been specially enchanted to freeze those struck by it, causing extra
   injury to most foes and up to half again as much damage against particularly
   susceptible opponents.
   It can also slow down cold-blooded creatures.
   It protects you from fire.
   It lets you see invisible.
   It lets you turn invisible.
   It has a curse placed upon it.
Missiles
 b - 64 poisoned darts (quivered)
 L - 3 large rocks
Armour
 a - a +0 robe (worn)
 p - a +2 cloak (worn)
 K - a +0 shield
Jewellery
 d - a +4 ring of intelligence
 h - a ring of protection from magic (left hand)
 n - a +2 ring of strength
 r - a cursed ring of poison resistance (right hand)
 w - an uncursed amulet of guardian spirit
 x - an uncursed ring of resist corrosion
 A - an uncursed ring of protection from magic
Wands
 s - a wand of enslavement (16)
 t - a wand of clouds (4)
 z - a wand of polymorph (10)
 D - a wand of iceblast (8)
 M - a wand of paralysis (7)
 S - a wand of acid (8)
Scrolls
 g - 3 scrolls of remove curse
 i - 8 scrolls of teleportation
 k - 5 scrolls of enchant weapon
 m - 3 scrolls of blinking
 o - 4 scrolls of fog
 v - a scroll of fear {unknown}
 B - a scroll of magic mapping {unknown}
 G - 2 scrolls of immolation {unknown}
 H - a scroll of amnesia {unknown}
 I - 2 scrolls of noise {unknown}
 O - a scroll of acquirement {unknown}
 T - a scroll of identify
Potions
 c - 5 potions of brilliance
 f - 2 potions of flight
 j - 5 potions of invisibility
 l - 3 potions of curing
 q - 5 potions of heal wounds
 u - a potion of haste
 C - 5 potions of might
 E - a potion of ambrosia
 F - a potion of cancellation
 J - a potion of resistance {unknown}
 N - 2 potions of berserk rage
 P - a potion of experience {unknown}
 Q - 2 potions of lignification {unknown}
 R - a potion of mutation {unknown}
Comestibles
 e - 24 rations
 U - 3 chunks of flesh


   Skills:
 - Level 10.5 Fighting
 + Level 11.1(13.8) Maces & Flails
 - Level 1.7 Dodging
 - Level 1.4 Stealth
 - Level 8.1 Spellcasting
 - Level 3.0 Charms
 - Level 3.0 Translocations
 - Level 2.0 Transmutations
 + Level 3.0 Ice Magic
 - Level 4.0 Air Magic
 - Level 7.0 Poison Magic


You had 6 spell levels left.
You knew the following spells:

 Your Spells              Type           Power        Failure   Level  Hunger
a - Ozocubu's Armour      Chrm/Ice       ###.....     8%          3    None
b - Poisonous Vapours     Pois/Air       ####..       1%          2    None
c - Mephitic Cloud        Conj/Pois/Air  ###.....     6%          3    None
d - Sting                 Tmut/Pois      ###.         1%          1    None
e - Swiftness             Chrm/Air       ###.....     3%          2    None
f - Beastly Appendage     Tmut           ###...       4%          1    None
g - Ignite Poison         Fire/Tmut/Pois ###.....     8%          3    None
h - Olgreb's Toxic Radia  Pois           ####....     4%          4    ###....
t - Blink                 Tloc           N/A          3%          2    None

Your spell library contained the following spells:

 Spells                   Type           Power        Failure   Level  Hunger
 Freeze                   Ice            ###.         2%          1    None
 Shock                    Conj/Air       ###.         4%          1    None
 Spider Form              Tmut/Pois      ###.......   4%          3    None
 Sticks to Snakes         Tmut           ###.....     6%          2    None
 Ensorcelled Hibernation  Hex/Ice        ##....       8%          2    None
 Corona                   Hex            #......      9%          1    None
 Foxfire                  Conj/Fire      #...         9%          1    None
 Magic Dart               Conj           #...         9%          1    None
 Call Imp                 Summ           #.......     14%         2    None
 Slow                     Hex            #.......     14%         2    None
 Confusing Touch          Hex            #.......     26%         3    None
 Conjure Flame            Conj/Fire      #.......     26%         3    None
 Dazzling Flash           Conj/Hex       #.....       26%         3    None
 Inner Flame              Hex/Fire       #.......     26%         3    None
 Tukima's Dance           Hex            #.......     26%         3    None
 Ice Form                 Ice/Tmut       ###.....     32%         4    ###....
 Hailstorm                Conj/Ice       ##......     43%         4    ###....
 Summon Ice Beast         Ice/Summ       ##......     43%         4    ###....
 Sticky Flame             Conj/Fire      #.......     65%         4    ###....
 Blade Hands              Tmut           ###.......   73%         5    #####..
 Silence                  Hex/Air        ###.......   73%         5    #####..
 Fireball                 Conj/Fire      #.........   94%         5    #####..


Dungeon Overview and Level Annotations

Branches:
Dungeon (12/15)            Temple (0/1) D:5            Lair (0/6) D:8
    Orc (0/2) D:9          Bailey (visited)

Altars:
Ashenzari
Fedhas
Gozag
Kikubaaqudgha
Nemelex Xobeh
Okawaru
Beogh

Shops:
D:6 :

Annotations:
D:6 2 transporters, bmj180's ghost, novice DrCj
D:8 exclusion: upstairs


Innate Abilities, Weirdness & Mutations

You are too large for most types of armour.
You have tough skin. (AC +1)


Message History

Poisonous vapours surround the troll!
The troll looks even sicker.
The troll barely misses you. The troll claws you!
* * * LOW HITPOINT WARNING * * *
The troll barely misses you.
Casting: Poisonous Vapours (safe; 1% risk of failure)
Confirm with . or Enter, or press ? or * to list all spells.
Aiming: Mephitic Cloud (safe; 6% risk of failure)
Press: ? - help, Shift-Dir - straight line, f/p - troll
Aim: a troll (poison gas, severely wounded, very poisoned)
The ball explodes into a vile cloud!
The stinking cloud engulfs the troll but does no damage.
The troll is severely wounded.
The stinking cloud engulfs you but does no damage.
You hear a bellow!
A worker ant comes into view.
The troll is engulfed in poison gas.
The troll looks even sicker.
The troll bites you!!
* * * LOW HITPOINT WARNING * * *
The troll claws you!
You die...

,, ,*..
, , #.,#
* ,
,..,.# ,
* * **
##.#..#
* ,
,..... ,
*,* ...,
, * *
*#.###a#
, ,
*#.☼T@#
* * ,
*#.###.#
* , ,*
*.#,, ,,
* , ,,
.# ** *
, , * ##
, ***,
,, , , *
, * *


You could see a troll and a worker ant.

Vanquished Creatures
  An orc warlord (Bailey)
  A hydra (D:9)
  4 two-headed ogres
  An ugly thing (D:11)
  A cyclops (D:11)
  An elephant (D:8)
  A gargoyle (D:11)
  A komodo dragon (D:10)
  A hornet (D:11)
  2 dream sheep (D:9)
  2 hippogriffs
  2 shadows
  5 yaks
  A vampire (D:11)
  A wraith (D:10)
  A basilisk (D:11)
  A hungry ghost (D:9)
  10 orc warriors
  A hornet zombie (D:11)
  4 phantoms
  3 ice beasts
  3 sky beasts
  A black bear (D:10)
  An eye of draining (D:11)
  8 ogres
  3 centaurs
  3 crocodiles
  4 big kobolds (D:9)
  4 bullfrogs
  A gnoll sergeant (D:9)
  A wyvern zombie (D:10)
  A scorpion (D:6)
  A wyvern skeleton (D:9)
  4 wights (D:11)
  7 howler monkeys
  9 crimson imps
  3 bullfrog zombies
  8 orc priests
  6 hounds
  Crazy Yiuf (D:7)
  2 gnoll shamans (D:9)
  A bullfrog skeleton (D:11)
  2 centaur skeletons
  2 iguanas (D:11)
  7 orc wizards
  9 worker ants
  2 hound zombies
  3 worker ant zombies
  A howler monkey skeleton (D:9)
  9 gnolls
  8 adders
  3 shadow imps
  2 adder skeletons
  4 worms
  A dart slug (D:1)
  10 leopard geckos
  70 orcs
  9 bats
  4 giant cockroaches
  15 goblins
  19 hobgoblins
  10 jackals
  27 kobolds
  2 quokkas
  6 frilled lizards
  4 rats
  3 plants (D:9)
349 creatures vanquished.

Vanquished Creatures (others)
  An orc wizard (D:5)
  7 plants (D:11)
8 creatures vanquished.

Grand Total: 357 creatures vanquished

Notes
Turn   | Place    | Note
-------+----------+-------------------------------------------
     0 | D:1      | zorance the Ogre Venom Mage began the quest for the Orb.
     0 | D:1      | Reached XP level 1. HP: 16/16 MP: 3/3
   139 | D:1      | Reached XP level 2. HP: 24/24 MP: 2/5
   144 | D:1      | Learned a level 2 spell: Poisonous Vapours
   852 | D:1      | Reached XP level 3. HP: 31/31 MP: 5/7
   857 | D:1      | Learned a level 3 spell: Mephitic Cloud
  1574 | D:2      | Found a blossoming altar of Fedhas.
  1621 | D:2      | Reached skill level 1 in Air Magic
  1898 | D:2      | Reached XP level 4. HP: 39/39 MP: 5/8
  1929 | D:2      | Learned a level 3 spell: Ignite Poison
  2142 | D:2      | Found a faded altar of an unknown god.
  2412 | D:2      | Found a shattered altar of Ashenzari.
  2422 | D:2      | Became a worshipper of Ashenzari the Shackled
  3249 | D:3      | Found an iron altar of Okawaru.
  3306 | D:3      | Reached XP level 5. HP: 45/45 MP: 7/10
  3827 | D:3      | Noticed a phantom
  5217 | D:4      | Reached XP level 6. HP: 53/53 MP: 4/11
  6276 | D:5      | Entered Level 5 of the Dungeon
  7041 | D:4      | Learned a level 4 spell: Olgreb's Toxic Radiance
  7149 | D:5      | Reached skill level 5 in Poison Magic
  7370 | D:5      | Noticed a phantom
  7541 | D:5      | Reached XP level 7. HP: 59/59 MP: 7/13
  7552 | D:4      | Learned a level 1 spell: Beastly Appendage
  7622 | D:5      | Reached skill level 1 in Transmutations
  7899 | D:5      | Found a staircase to the Ecumenical Temple.
  8285 | D:5      | Reached skill level 5 in Spellcasting
  8553 | D:6      | Found a transporter.
  8558 | D:6      | Found Vextonis's Book Shoppe.
  8561 | D:6      | Got the giant spiked club of the Blowfly {freeze, +Inv rF+
                  | SInv}
  8635 | D:6      | Noticed bmj180's ghost (novice DrCj)
  8882 | D:6      | Found a transporter.
  8893 | D:6      | Reached skill level 1 in Maces & Flails
  8921 | D:6      | Reached * piety under Ashenzari
  8932 | D:6      | Reached skill level 1 in Fighting
  8943 | D:6      | Reached XP level 8. HP: 58/70 MP: 6/15
  9071 | D:6      | Found an ancient bone altar of Kikubaaqudgha.
  9717 | D:7      | Found an opulent altar of Gozag.
  9722 | D:7      | Reached skill level 2 in Maces & Flails
  9843 | D:7      | Found a runed translucent door.
  9844 | D:7      | Noticed Crazy Yiuf
  9954 | D:7      | Killed Crazy Yiuf
 10655 | D:8      | Reached skill level 3 in Maces & Flails
 10745 | D:8      | Noticed a two-headed ogre
 10782 | D:8      | Killed a two-headed ogre
 10782 | D:8      | Reached skill level 4 in Maces & Flails
 10782 | D:8      | Reached XP level 9. HP: 43/85 MP: 3/18
 11267 | D:8      | Noticed an elephant
 11275 | D:8      | Reached skill level 5 in Fighting
 11275 | D:8      | Reached skill level 5 in Maces & Flails
 11453 | D:8      | Found a staircase to the Lair.
 11482 | D:8      | Killed an elephant
 11878 | D:7      | Noticed a rust devil
 11878 | D:7      | Noticed a rust devil
 12676 | D:9      | Noticed a two-headed ogre
 12857 | D:8      | Reached skill level 6 in Maces & Flails
 13257 | D:9      | Reached XP level 10. HP: 83/98 MP: 12/21
 13528 | D:9      | Found a staircase to the Orcish Mines.
 13793 | D:9      | Found a roughly hewn altar of Beogh.
 13849 | D:9      | Killed a two-headed ogre
 13849 | D:9      | Reached skill level 7 in Maces & Flails
 13916 | D:9      | Identified the +2 giant spiked club of the Blowfly {freeze,
                  | +Inv rF+ SInv} (You found it on level 6 of the Dungeon)
 14606 | D:9      | Found a sparkling altar of Nemelex Xobeh.
 14764 | D:9      | Reached skill level 8 in Maces & Flails
 14839 | D:9      | Noticed a two-headed hydra
 14848 | D:9      | Killed a two-headed hydra
 14848 | D:9      | Reached skill level 9 in Maces & Flails
 14848 | D:9      | Reached XP level 11. HP: 77/115 MP: 7/23
 15923 | D:9      | Learned a level 2 spell: Blink
 15979 | D:10     | Entered Level 10 of the Dungeon
 16416 | D:10     | Reached skill level 1 in Translocations
 16534 | D:10     | Found a flagged portal.
 16548 | Bailey   | Entered a bailey
 16571 | Bailey   | Noticed an orc warlord
 16931 | Bailey   | Found a runed translucent gate.
 16932 | Bailey   | Found a runed translucent gate.
 16933 | Bailey   | Found a runed translucent gate.
 17084 | Bailey   | Killed an orc warlord
 17084 | Bailey   | Reached skill level 10 in Fighting
 17084 | Bailey   | Reached skill level 10 in Maces & Flails
 17316 | Bailey   | Identified Sosust's Disquisition on the Blaze and Lightness
 17322 | Bailey   | Learned a level 2 spell: Swiftness
 17638 | D:10     | Reached ** piety under Ashenzari
 17882 | D:10     | Noticed a two-headed ogre
 17890 | D:10     | Killed a two-headed ogre
 18325 | D:10     | Learned a level 3 spell: Ozocubu's Armour
 18341 | D:11     | Noticed a cyclops
 18348 | D:11     | Killed a cyclops
 18348 | D:11     | Reached skill level 1 in Charms
 18348 | D:11     | Reached skill level 1 in Ice Magic
 18549 | D:11     | Noticed a red ugly thing
 18555 | D:11     | Killed a red ugly thing
 18756 | D:11     | Paralysed by a hornet for 1 turns
 19309 | D:11     | Reached XP level 12. HP: 127/127 MP: 10/24
 20078 | D:11     | Noticed a two-headed ogre
 20093 | D:11     | Killed a two-headed ogre
 20093 | D:11     | Reached skill level 11 in Maces & Flails
 20271 | D:12     | Slain by a troll

Levels and vault maps discovered:
D:1:      lightli_arrival_lavapool, layout_loops_ring
D:2:      kb_forest_paths, layout_loops_ring, lemuel_round_altar,
          chequers_ecumenical_altar_twisty, ashenzari_altar_1
D:3:      layout_rooms, okawaru_gym_becter
D:4:      layout_loops_ring, grunt_ministairs_6, serial_park_tiny_2
D:5:      layout_loops_cross, minmay_temple_entry_from_below_a, first_ration
D:6:      layout_cave_pools, nicolae_overflow_crystal_walls, serial_shops, shop,
          gammafunk_ghost_stat_death, chequers_serial_rivers_micro_a
D:7:      cheibrodos_iron_armory, layout_rooms, lemuel_round_altar,
          uniq_crazy_yiuf_cottage
D:8:      layout_gridville, david_lair_generic
D:9:      kennysheep_housing_project, layout_cave_pools, kennysheep_mini_moat,
          david_orc_5, serial_park, hangedman_ranch [blue_anna_fruit_fields]
D:10:     layout_stronghold, enter_bailey_3
D:11:     layout_roguey, minmay_lizard_king
D:12:     layout_loops_ring, nicolae_trove_entry_crystal,
          gauntlet_entry_generic, serial_shops, nicolae_shop_stone,
          minmay_increasing_density

Skill      XL: |  1  2  3  4  5  6  7  8  9 10 11 12 |
---------------+-------------------------------------+-----
Poison Magic   | 3 4 5 6 7 |  7.0
Spellcasting   | 3 4 5 6 7 8 |  8.1
Air Magic      | 1 2 3 4 |  4.0
Transmutations | 2 |  2.0
Maces & Flails | 1 4 6 9 10 11 | 11.1
Fighting       | 1 4 6 9 10 | 10.5
Translocations | 3 |  3.0
Charms         | 2 3 |  3.0
Ice Magic      | 2 3 |  3.0
Dodging        | |  1.7
Stealth        | |  1.4

Action                   |  1- 3 |  4- 6 |  7- 9 | 10-12 || total
-------------------------+-------+-------+-------+-------++-------
Melee: Unarmed           |     3 |       |       |       ||     3
       Short sword       |    23 |   250 |       |       ||   273
       Dagger            |       |    88 |   188 |    57 ||   333
       Kick              |       |       |    14 |    15 ||    29
       Headbutt          |       |       |     5 |     9 ||    14
       Giant spiked club |       |       |       |   232 ||   232
Throw: Dart              |    19 |     4 |     3 |     1 ||    27
 Cast: Sting             |    37 |       |       |       ||    37
       Poisonous Vapours |    12 |    89 |    93 |   203 ||   397
       Mephitic Cloud    |       |    12 |    15 |    22 ||    49
       Ignite Poison     |       |     2 |     9 |    18 ||    29
       Olgreb's Toxic Ra |       |     1 |     3 |    12 ||    16
       Beastly Appendage |       |       |    13 |    23 ||    36
       Ozocubu's Armour  |       |       |       |     4 ||     4
Invok: Curse Item        |       |       |     1 |     1 ||     2
       Scrying           |       |       |       |     1 ||     1
  Use: Scroll            |       |     4 |       |    11 ||    15
 Stab: Confused          |       |       |     1 |       ||     1
       Sleeping          |       |       |       |     2 ||     2
  Eat: Chunk             |     4 |    17 |    10 |    18 ||    49
       Ration            |       |     1 |     3 |     2 ||     6
Armor: Robe              |    25 |   125 |    61 |    90 ||   301
Dodge: Dodged            |    34 |   178 |    81 |   173 ||   466

Table legend:
 A = Non-vault XP
 B = Vault XP
 C = Vault XP percentage of total XP
 D = Non-vault monster count
 E = Vault monster count
 F = Vault count percentage of total count
                 A         B        C        D         E       F
            +---------+---------+-------+---------+---------+-------
      Total |   13485 |    7311 |  35.2 |     234 |     113 |  32.6
            +---------+---------+-------+---------+---------+-------
        D:1 |      37 |       0 |   0.0 |      20 |       0 |   0.0
        D:2 |      73 |      12 |  14.1 |      22 |       6 |  21.4
        D:3 |     154 |       0 |   0.0 |      33 |       0 |   0.0
        D:4 |      76 |       3 |   3.8 |       7 |       1 |  12.5
        D:5 |     619 |       0 |   0.0 |      21 |       0 |   0.0
        D:6 |     231 |       0 |   0.0 |      13 |       0 |   0.0
        D:7 |     195 |     170 |  46.6 |       4 |       2 |  33.3
        D:8 |    1939 |    1073 |  35.6 |      25 |       6 |  19.4
        D:9 |    2170 |    3610 |  62.5 |      25 |      59 |  70.2
       D:10 |    3765 |       9 |   0.2 |      31 |       5 |  13.9
       D:11 |    4226 |     374 |   8.1 |      33 |       7 |  17.5
     Bailey |       0 |    2060 | 100.0 |       0 |      27 | 100.0
            +---------+---------+-------+---------+---------+-------
